 Dungeon Crawl Stone Soup version 0.30-a0-54-g2e61a25929 (webtiles) character file.

Game seed: 17206489941187007978

6857 IdlyInterested the Carver (level 10, -6/84 HPs)
             Began as a Demonspawn Wanderer on Sept 7, 2022.
             Was a High Priest of Okawaru.
             Mangled by purpskrrrp's ghost (14 damage)
             ... on level 9 of the Dungeon.
             The game lasted 00:31:01 (10260 turns).

IdlyInterested the Carver (Demonspawn Wanderer)    Turns: 10260, Time: 00:31:01

Health: -6/84      AC: 11    Str: 12    XL:     10   Next: 78%
Magic:  0/19       EV: 17    Int: 21    God:    Okawaru [*****.]
Gold:   449        SH:  0    Dex: 22    Spells: 20/21 levels left

rFire   . . .      SeeInvis .    F - +1 scimitar (freeze)
rCold   . . .      Faith    .    (no shield)
rNeg    . . .      Spirit   +    B - +0 ring mail {rPois}
rPois   +          Reflect  .    (no helmet)
rElec   .          Harm     .    d - +1 cloak
rCorr   .          Rampage  .    g - +2 pair of gloves
Will    .....                    (boots unavailable)
Stlth   +++.......               x - amulet of magic regeneration
HPRegen 0.24/turn                q - +6 ring of intelligence
MPRegen 0.72/turn                t - +6 ring of dexterity

@: heroic, hasted, very quick
A: hooves 3, spiny 2, magic shield, magic regeneration, robust 1, wild magic 1,
MP-powered wands
a: Renounce Religion, Heroism, Finesse, Duel


You were on level 9 of the Dungeon.
You worshipped Okawaru.
Okawaru was extremely pleased with you.
You visited 2 branches of the dungeon, and saw 10 of its levels.

You collected 449 gold pieces.

Inventory:

Hand Weapons
 a - a +3 falchion
 e - a +1 short sword of flaming
 C - a +2 dagger of freezing
 E - a +4 long sword
 F - a +1 scimitar of freezing (weapon)
 O - the +10 trident of Scuffed Punishment {vorpal, rCorr Int+4}
   (You took it off a spriggan on level 9 of the Dungeon)

   It inflicts extra damage upon your enemies.
   Int:       It affects your intelligence (+4).
   rCorr:     It protects you from acid and corrosion.
Missiles
 h - 25 poisoned darts
 u - 2 boomerangs
 w - 2 atropa-tipped darts
Armour
 d - a +1 cloak (worn)
 f - a +3 chain mail of cold resistance
 g - a +2 pair of gloves (worn)
 m - a +1 robe of willpower
 B - a +0 ring mail of poison resistance (worn)
 D - a +1 leather armour of cold resistance
Jewellery
 j - a ring of fire
 l - an amulet of regeneration
 q - a +6 ring of intelligence (left hand)
 t - a +6 ring of dexterity (right hand)
 x - an amulet of magic regeneration (around neck)
Wands
 I - a wand of quicksilver (8)
 J - a wand of digging (6)
 K - a wand of polymorph (6)
 L - a wand of flame (15)
Scrolls
 b - a scroll of vulnerability
 r - a scroll of teleportation
 y - a scroll of fear
 H - a scroll of poison
 N - 2 scrolls of enchant weapon
Potions
 c - a potion of haste
 i - a potion of ambrosia {unknown}
 k - 2 potions of curing
 n - 4 potions of attraction
 o - a potion of flight
 s - a potion of might
 v - a potion of mutation
 z - a potion of resistance
 A - a potion of brilliance {unknown}
 G - a potion of cancellation {unknown}
 M - a potion of degeneration {unknown}


   Skills:
 * Level 6.6(11.6) Fighting
 * Level 9.0(14.0) Long Blades
 - Level 1.0(6.0) Throwing
 - Level 1.0(6.0) Armour
 + Level 5.5(10.5) Dodging
 - Level 1.0(6.0) Stealth
 - Level 1.0(6.0) Shields
 - Level 6.0 Spellcasting
 + Level 7.4 Hexes
 * Level 4.0 Invocations
 - Level 1.0 Evocations


You had 20 spell levels left.
You knew the following spells:

 Your Spells              Type           Power      Damage    Failure   Level
a - Slow                  Hex            100%       N/A       1%          1

Your spell library contained the following spells:

 Spells                   Type           Power      Damage    Failure   Level
 Inner Flame              Hex/Fire       28%        N/A       19%         3
 Static Discharge         Conj/Air       16%        3-4/arc   38%         2
 Ignite Poison            Fire/Tmut/Pois 8%         N/A       61%         3
 Mephitic Cloud           Conj/Pois/Air  8%         N/A       61%         3
 Freezing Cloud           Conj/Ice/Air   4%         6-21      100%        5
 Lightning Bolt           Conj/Air       4%         1d15      100%        5
 Maxwell's Capacitive Co  Air            4%         ∞         100%        8
 Summon Mana Viper        Hex/Summ       Unusable   N/A       N/A         5
 Summon Forest            Summ/Tloc      Unusable   N/A       N/A         5
 Summon Cactus Giant      Summ           Unusable   N/A       N/A         6

Dungeon Overview and Level Annotations

Branches:
Dungeon (9/15)             Temple (1/1) D:4
   Lair: D:8-11         Orc: D:9-12

Altars:
Ashenzari
Cheibriados
Dithmenos
Fedhas
Gozag
Hepliaklqana
Kikubaaqudgha
Makhleb
Nemelex Xobeh
Okawaru
Qazlal
Ru
Sif Muna
Trog
Uskayaw
Vehumet
Wu Jian
Xom
Yredelemnul

Shops:
D:4 :

Annotations:
D:9 purpskrrrp's ghost, novice TrFi


Innate Abilities, Weirdness & Mutations

You have hooves in place of feet.
You are mostly covered in sharp spines.
When hurt, damage is shared between your health and your magic reserves.
You regenerate magic rapidly.
You are robust. (+10% HP)
Your spells are a little harder to cast, but a little more powerful.
You expend magic power (3 MP) to strengthen your wands.


Message History

The spriggan closely misses you.
There is an open translucent door here.
The spriggan barely misses you. The spriggan is struck by your spines.
The spriggan misses you.
You slash the spriggan! You freeze the spriggan.
You kill the spriggan!
Okawaru accepts your kill. The spriggan barely misses you.
Training target 4.0 for Invocations reached!
Your Invocations skill increases to level 4!
Unknown command.
Okay, then.
You gain the combat prowess of a mighty hero.
The spriggan closely misses you.
Purpskrrrp's ghost is struck by your spines.
Purpskrrrp's ghost hits you!
You slash purpskrrrp's ghost! You freeze purpskrrrp's ghost.
Your kick misses purpskrrrp's ghost.
Purpskrrrp's ghost is moderately damaged.
The spriggan barely misses you.
Purpskrrrp's ghost is struck by your spines.
Purpskrrrp's ghost hits you!!
You miss purpskrrrp's ghost. Your kick misses purpskrrrp's ghost.
Purpskrrrp's ghost is moderately damaged.
The spriggan closely misses you.
You hit purpskrrrp's ghost. Your kick misses purpskrrrp's ghost.
Purpskrrrp's ghost is moderately damaged.
Purpskrrrp's ghost hits you!!
* * * LOW HITPOINT WARNING * * *
You feel much better.
The spriggan hits you from afar with a +0 trident!
Purpskrrrp's ghost is struck by your spines.
Purpskrrrp's ghost hits you!!
* * * LOW HITPOINT WARNING * * *
Okay, then.
You feel yourself speed up.
The spriggan hits you from afar with a +0 trident!
* * * LOW HITPOINT WARNING * * *
Purpskrrrp's ghost hits you!
You die...

...#...##....................##.#
...##).)#.......#.#....###..###.#
#####..#...#)##.#.#........## #.[
#...)))..######....########..
##.#.))####♣♣♣####.# #.... ####
#.##.....#..♣♣**### #.##. ...#
#..)).#).##..♣,*♣ #.##. ##.#
#.#####..8#♣.♣..♣ #.##. ##.###.#
###...#@Wi♣,* ######.###
.......###.#...'♣♣h♣.* #...>..<##
##.######.#....#♣....* #.####....
...# ##†#..8#..i..♣##.##......
...# #.#..##♣...♣♣#.....##.#.
#### #.#.##..♣♣♣♣###.##.##.#.
#.#..#♣♣♣####.#.##....#.
#....#####............#.
####...##.....####.#.##.


You could see a black bear, a spriggan and purpskrrrp's ghost.

Vanquished Creatures
  2 two-headed ogres (D:9)
  Maurice (D:9)
  An unseen horror (D:8)
  A polar bear (D:9)
  2 spriggans (D:9)
  6 yaks (D:9)
  2 ice beasts (D:6)
  2 orc warriors (D:7)
  2 sky beasts
  4 ogres
  The ghost of innerfire433 the Trooper, an amateur DsMo (D:3)
  3 centaurs
  2 phantoms
  3 kobold brigands
  6 bullfrogs
  7 necrophages
  2 scorpions
  5 wights (D:6)
  2 howler monkeys
  An electric eel (D:8)
  2 quasits (D:3)
  4 orc priests
  3 jellies
  A gnoll bouda (D:6)
  Terence (D:3)
  8 orc wizards
  4 adders
  15 gnolls
  2 white imps
  An ufetubus (D:5)
  A worm (D:3)
  6 dart slugs
  27 orcs
  4 ball pythons
  4 bats (D:1)
  8 endoplasms
  3 giant cockroaches
  8 goblins
  10 hobgoblins
  2 jackals (D:1)
  16 kobolds
  4 quokkas
  3 frilled lizards
  7 rats
199 creatures vanquished.

Vanquished Creatures (others)
  An orc wizard (D:3)
  8 plants (D:9)
9 creatures vanquished.

Grand Total: 208 creatures vanquished

Notes
Turn   | Place    | Note
-------+----------+-------------------------------------------
     0 | D:1      | IdlyInterested the Demonspawn Wanderer began the quest for
                  | the Orb.
     0 | D:1      | IdlyInterested set off with the following items: a +3
                  | falchion, a scroll of vulnerability, a +0 robe; and the
                  | following spell memorised: Slow; and the following spells
                  | available to memorise: Inner Flame.
     0 | D:1      | Reached XP level 1. HP: 18/18 MP: 2/2
   156 | D:1      | Reached skill level 2 in Long Blades
   157 | D:1      | You fall into a shaft and drop 1 floor!
   325 | D:2      | Gained mutation: You regenerate magic rapidly. [demonic
                  | ancestry]
   325 | D:2      | Reached XP level 2. HP: 24/24 MP: 3/3
   976 | D:1      | Gained mutation: You have large cloven feet. [demonic
                  | ancestry]
   976 | D:1      | Reached XP level 3. HP: 29/29 MP: 4/4
   986 | D:1      | Found a faded altar of an unknown god.
  1654 | D:1      | Found a sparkling altar of Nemelex Xobeh.
  2002 | D:2      | Gained mutation: You are partially covered in sharp spines.
                  | [demonic ancestry]
  2002 | D:2      | Reached XP level 4. HP: 35/35 MP: 5/5
  2589 | D:3      | Found an ornate altar of the Wu Jian Council.
  2616 | D:3      | Reached skill level 3 in Long Blades
  2617 | D:3      | Reached XP level 5. HP: 41/41 MP: 6/6
  2621 | D:3      | Noticed Terence
  2652 | D:3      | Killed Terence
  2863 | D:3      | Found a transporter.
  2865 | D:3      | Noticed innerfire433's ghost (amateur DsMo)
  2981 | D:3      | Found a hazy altar of Hepliaklqana.
  2981 | D:3      | Found a faded altar of an unknown god.
  2987 | D:3      | Gained mutation: You have hoof-like feet. [demonic
                  | ancestry]
  2987 | D:3      | Reached XP level 6. HP: 48/48 MP: 7/7
  3242 | D:3      | Found a transporter.
  3424 | D:3      | Killed innerfire433's ghost
  3678 | D:4      | Found Wiawi's Book Shoppe.
  4020 | D:4      | Found a sparkling altar of Nemelex Xobeh.
  4097 | D:4      | Reached skill level 4 in Long Blades
  4097 | D:4      | Gained mutation: You are mostly covered in sharp spines.
                  | [demonic ancestry]
  4097 | D:4      | Reached XP level 7. HP: 54/54 MP: 7/9
  4459 | D:4      | Found a staircase to the Ecumenical Temple.
  4464 | Temple   | Entered the Ecumenical Temple
  4644 | Temple   | Became a worshipper of Warmaster Okawaru
  4759 | D:4      | Found a blossoming altar of Fedhas.
  4760 | D:4      | Found a shimmering altar of Xom.
  4785 | D:5      | Entered Level 5 of the Dungeon
  4864 | D:5      | Reached skill level 1 in Armour
  4962 | D:5      | Gained mutation: You are robust. (+10% HP) [potion of
                  | mutation]
  4962 | D:5      | Gained mutation: Your spells are a little harder to cast,
                  | but a little more powerful. [potion of mutation]
  4962 | D:5      | Gained mutation: You expend magic power (3 MP) to
                  | strengthen your wands. [potion of mutation]
  5122 | D:5      | Reached * piety under Okawaru
  5153 | D:5      | Reached skill level 5 in Long Blades
  5153 | D:5      | Reached skill level 1 in Shields
  5153 | D:5      | Gained mutation: You have hooves in place of feet. [demonic
                  | ancestry]
  5153 | D:5      | Reached XP level 8. HP: 39/66 MP: 12/12
  5226 | D:5      | Reached skill level 1 in Invocations
  5615 | D:5      | Found a shimmering blue altar of Sif Muna.
  5624 | D:5      | Reached skill level 1 in Throwing
  6059 | D:6      | Reached skill level 5 in Hexes
  6062 | D:6      | Reached skill level 1 in Evocations
  6188 | D:6      | Reached skill level 6 in Long Blades
  6396 | D:6      | Reached ** piety under Okawaru
  6397 | D:6      | Reached skill level 5 in Fighting
  6397 | D:6      | Gained mutation: When hurt, damage is shared between your
                  | health and your magic reserves. [demonic ancestry]
  6397 | D:6      | Reached XP level 9. HP: 74/74 MP: 15/15
  7004 | D:7      | Found a sacrificial altar of Ru.
  7008 | D:7      | Reached skill level 7 in Long Blades
  7998 | D:8      | Reached *** piety under Okawaru
  8251 | D:8      | Killed an unseen horror
  8252 | D:8      | Reached skill level 5 in Spellcasting
  9021 | D:9      | Reached skill level 8 in Long Blades
  9044 | D:9      | Reached XP level 10. HP: 83/83 MP: 17/17
  9044 | D:9      | Found a runed translucent door.
  9050 | D:9      | Noticed Maurice
  9070 | D:9      | Killed Maurice
  9361 | D:9      | Noticed purpskrrrp's ghost (novice TrFi)
  9364 | D:9      | Identified the +10 trident of Scuffed Punishment {vorpal,
                  | rCorr Int+4}
  9613 | D:9      | Noticed a two-headed ogre
  9623 | D:9      | Killed a two-headed ogre
  9623 | D:9      | Reached **** piety under Okawaru
  9624 | D:9      | Reached skill level 5 in Dodging
  9666 | D:9      | Noticed a two-headed ogre
  9675 | D:9      | Killed a two-headed ogre
 10244 | D:9      | Reached ***** piety under Okawaru
 10245 | D:9      | Reached skill level 9 in Long Blades
 10260 | D:9      | Mangled by purpskrrrp's ghost

Illustrated notes

Levels and vault maps discovered:
D:1:      dpeg_arrival_lava_altar, layout_rooms, ebering_ecumenical_altar_hall,
          kennysheep_another_room
D:2:      layout_basic
D:3:      layout_loops_ring, beargit_hepliaklqana_dungeon_heroes,
          nzn_wu_jian_contemplation, gammafunk_ghost_stat_death,
          serial_park_tiny_pond, uniq_terence
D:4:      layout_basic, nemelex_dance_club_becter,
          mainiacjoe_overflow_divided_tiny, minmay_temple_entry_nine_rooms,
          serial_shops, nicolae_stop_n_shop_2
D:5:      layout_rooms, kennysheep_orc_sif_temple
D:6:      layout_loops_cross
D:7:      layout_loops_corners, lemuel_crystal_altar
D:8:      layout_basic
D:9:      layout_loops_cross, ebering_ghost_funeral_grove, uniq_maurice
Temple:   nicolae_temple_bog_church

Skill      XL: |  1  2  3  4  5  6  7  8  9 10 |
---------------+-------------------------------+-----
Long Blades    | 2 3 4 5 6 8 9 |  9.0
Dodging        | 2 3 4 5 |  5.5
Hexes          | 3 4 5 6 7 |  7.4
Fighting       | 4 5 6 |  6.6
Spellcasting   | 3 4 5 6 |  6.0
Armour         | 1 |  1.0
Shields        | 1 |  1.0
Invocations    | 2 4 |  4.0
Throwing       | 1 |  1.0
Evocations     | 1 |  1.0
Stealth        | |  1.0

Action                   |  1- 3 |  4- 6 |  7- 9 | 10-12 || total
-------------------------+-------+-------+-------+-------++-------
Melee: Falchion          |   123 |   102 |   104 |       ||   329
       Kick              |     8 |    22 |    55 |    23 ||   108
       Punch             |       |     2 |     2 |     1 ||     5
       Long sword        |       |       |    65 |       ||    65
       Scimitar          |       |       |    22 |    72 ||    94
Throw: Dart              |       |     4 |    14 |     5 ||    23
       Boomerang         |       |       |     1 |       ||     1
 Cast: Slow              |     1 |     3 |    12 |     3 ||    19
Invok: Heroism           |       |       |       |     1 ||     1
  Use: Scroll            |     2 |     6 |     8 |     1 ||    17
       Potion            |       |     2 |     1 |     2 ||     5
 Stab: Sleeping          |       |       |     1 |       ||     1
Armor: Ring mail         |    69 |    11 |    31 |    15 ||   126
       Chain mail        |       |    43 |    48 |       ||    91
Dodge: Dodged            |    75 |    33 |    69 |    35 ||   212

Table legend: (Time is in decaauts)
 A = Elapsed time spent in this place.
 B = Non-inter-level travel time spent in this place.
 C = Inter-level travel time spent in this place.
 D = Time resting spent in this place.
 E = Time spent auto-exploring this place.
 F = Levels seen in this place.
 G = Mean time per level.
                   A        B        C        D        E       F      G
               +--------+--------+--------+--------+--------+-----+--------+
         Total |  10311 |   9010 |   1301 |   1916 |   5162 |  10 | 1031.1 |
       Dungeon |  10091 |   8825 |   1266 |   1916 |   4994 |   9 | 1121.2 |
        Temple |    220 |    185 |     35 |      0 |    167 |   1 |  220.0 |
               +--------+--------+--------+--------+--------+-----+--------+

Top non-repeatable levels by time:
     D:9: 1339 daAuts
     D:2: 1271 daAuts
     D:1: 1262 daAuts
     D:3: 1245 daAuts
     D:7: 1211 daAuts
     D:4: 1011 daAuts
     D:8: 1004 daAuts
     D:5: 963 daAuts
     D:6: 780 daAuts
  Temple: 220 daAuts
